 Dungeon Crawl Stone Soup version 0.31-a0-174-g85c54bcb58 (webtiles) character file.

Game seed: 9417373258601948387

32 Elmgren the Trooper (level 3, -7/33 HPs)
             Began as a Minotaur Berserker on June 16, 2023.
             Was a Believer of Trog.
             Mangled by a gnoll
             ... wielding a +0 halberd
              (12 damage)
             ... on level 2 of the Dungeon.
             The game lasted 00:01:30 (808 turns).

Elmgren the Trooper (Minotaur Berserker)             Turns: 808, Time: 00:01:31

Health: -7/33      AC:  5    Str: 23    XL:     3   Next: 8%
Magic:  2/2        EV: 11    Int:  4    God:    Trog [**....]
Gold:   106        SH:  0    Dex:  9    Spells: 2/2 levels left

rFire   . . .        a - +0 hand axe
rCold   . . .        (no shield)
rNeg    . . .        g - +0 ring mail
rPois   .            (helmet restricted)
rElec   .            (no cloak)
rCorr   .            (no gloves)
SInv    +            (no boots)
Will    .....        (no amulet) Stlth
                     i - ring of see invisible
HPRegen 0.25/turn    (no ring)
MPRegen 0.08/turn

%: no passive effects
@: no status effects
A: horns 2, retaliatory headbutt
a: Renounce Religion, Berserk, Trog's Hand


You were on level 2 of the Dungeon.
You worshipped Trog.
Trog was pleased with you.
You visited 1 branch of the dungeon, and saw 2 of its levels.

You collected 106 gold pieces.

Inventory:

Hand Weapons
 a - a +0 hand axe (weapon)
Armour
 g - a +0 ring mail (worn)
Jewellery
 b - a ring of ice
 i - a ring of see invisible (left hand)
Scrolls
 d - a scroll of silence {unknown}
 f - a scroll of identify
 h - a scroll of vulnerability {unknown}
Potions
 c - a potion of resistance
 e - 3 potions of enlightenment
 j - a potion of curing {unknown}
 k - 2 potions of brilliance {unknown}


   Skills:
 + Level 4.2 Fighting
 + Level 4.2 Axes
 + Level 3.2 Armour
 - Level 2.1 Dodging


You had 2 spell levels left.
You didn't know any spells.
Your spell library was empty.

Dungeon Overview and Level Annotations

Branches:
Dungeon (2/15)

Altars:


Innate Abilities, Weirdness & Mutations

You have a pair of horns on your head.
You reflexively headbutt those who attack you in melee.


Message History

A goblin is nearby!
The goblin throws a stone.
The stone hits you but does no damage.
A goblin is nearby!
A gnoll comes into view. It is wielding a +0 spear.
The gnoll shouts!
There are monsters nearby!
A gnoll comes into view. It is wielding a +0 spear.
The goblin throws a stone.
The stone hits you.
A gnoll comes into view. It is wielding a +0 halberd.
There are monsters nearby!
The goblin misses you.
There are monsters nearby!
You barely miss the goblin. The goblin hits you but does no damage.
The gnoll hits you from afar with a +0 spear.
There are monsters nearby!
You hit the goblin. Your headbutt misses the goblin.
The goblin is moderately wounded.
The goblin hits you with a +0 dagger.
The gnoll hits you from afar with a +0 spear.
There are monsters nearby!
You hit the goblin.
You kill the goblin!
Trog accepts your kill. The gnoll hits you but does no damage.
The gnoll hits you from afar with a +0 spear!
There are monsters nearby!
The gnoll hits you but does no damage. The gnoll hits you with a +0 halberd!
* * * LOW HITPOINT WARNING * * *
The gnoll hits you with a +0 spear.
* * * LOW HITPOINT WARNING * * *
Items here: ! ( ) ?.
There are monsters nearby!
You are too injured to fight recklessly!
There are monsters nearby!
You are too injured to fight recklessly!
There are monsters nearby!
You are too injured to fight recklessly!
There are monsters nearby!
The gnoll attacks as you move away! The gnoll hits you with a +0 halberd!
You die...

.....# ...... #........
...... #...#.#.. ......
........# ......
........#
.................##
..................#
...............ggg#
............####@.#
...............#..#
.........#..##.#..#
.......#....##.#..#
.............#.#.##.#..
......#.###...).........
.........##...##........
...##..).####..#.##.....
.........#####.... .....


You could see 3 gnolls.

Vanquished Creatures
  A worm (D:2)
  A dart slug (D:1)
  2 endoplasms (D:1)
  A hobgoblin (D:2)
  3 kobolds
  A quokka (D:2)
  4 ball pythons (D:1)
  4 bats
  6 goblins
  4 rats
27 creatures vanquished.

Notes
Turn   | Place    | Note
-------+----------+-------------------------------------------
     0 | D:1      | Elmgren the Minotaur Berserker began the quest for the Orb.
     0 | D:1      | Reached XP level 1. HP: 19/19 MP: 0/0
    48 | D:1      | Reached XP level 2. HP: 18/27 MP: 1/1
   262 | D:1      | Found a faded altar of an unknown god.
   785 | D:2      | Reached XP level 3. HP: 33/33 MP: 2/2
   796 | D:2      | Reached ** piety under Trog
   808 | D:2      | Mangled by a gnoll

Illustrated notes

Levels and vault maps discovered:
D:1:      dpeg_arrival_court, layout_rooms, ebering_ecumenical_altar_box,
          chequers_serial_rivers_marsh
D:2:      minmay_kobold_bridge, layout_rooms

Skill      XL: |  1  2 |
---------------+-------+-----
Fighting       | 4 |  4.2
Axes           | 4 |  4.2
Armour         | 3 |  3.2
Dodging        | |  2.1

Action                     || total
---------------------------++-------
  Melee: Hand axe          ||    46
         Headbutt          ||     7
    Use: Scroll            ||     3
 Armour: Animal skin       ||     3
         Ring mail         ||     7
  Dodge: Dodged            ||    35

Table legend: (Time is in decaauts)
 A = Elapsed time spent in this place.
 B = Non-inter-level travel time spent in this place.
 C = Inter-level travel time spent in this place.
 D = Time resting spent in this place.
 E = Time spent auto-exploring this place.
 F = Levels seen in this place.
 G = Mean time per level.
                   A        B        C        D        E       F      G
               +--------+--------+--------+--------+--------+-----+--------+
         Total |    813 |    789 |     24 |      2 |    630 |   2 |  406.5 |
       Dungeon |    813 |    789 |     24 |      2 |    630 |   2 |  406.5 |
               +--------+--------+--------+--------+--------+-----+--------+

Top non-repeatable levels by time:
     D:1: 593 daAuts
     D:2: 220 daAuts
